 Dungeon Sprint DCSS version 0.26.1-11-gd32895ea62 (webtiles) character file.

Game seed: 13719903164412619154

14900000 Groucho the Englaciator (level 27, -210/273 HPs)
             Began as a Ghoul Ice Elementalist on July 5, 2021.
             Was the Champion of Makhleb.
             Annihilated by a fleshlord
             ... wielding a +9 great mace
              (395 damage)
             ... in the Dungeon (Sprint VIII: "Arena of Blood").
             The game lasted 00:06:29 (149 turns).

Groucho the Englaciator (Ghoul Ice Elementalist)     Turns: 149, Time: 00:06:31

Health: -210/273   AC:  4    Str: 16    XL:     27
Magic:  38/53      EV: 34    Int: 10    God:    Makhleb [******]
Gold:   0          SH:  0    Dex: 18    Spells: 79/80 levels left

rFire    . . .     SeeInvis .   b - +∞ Axe of Woe
rCold    + . .     Faith    .   (shield currently unavailable)
rNeg     + + +     Spirit   .   a - +0 robe
rPois    ∞         Reflect  .   (no helmet)
rElec    .         Harm     .   (no cloak)
rCorr    .         Rampage  .   (no gloves)
Will     ++...     NoTele   +   (no boots)
Stlth    ++++++++++             (no amulet)
HPRegen  0.00/turn              i - +250 ring of slaying
MPRegen  0.33/turn              (no ring)

@: slowed, very slow
A: claws 1, cold resistance 1, negative energy resistance 3, inhibited
regeneration, torment resistance, unbreathing
a: Renounce Religion, Minor Destruction, Lesser Servant of Makhleb, Major
Destruction, Greater Servant of Makhleb


You were in the Dungeon.
You worshipped Makhleb.
Makhleb was exalted by your worship.
You visited 1 branch

Inventory:

Hand Weapons
 b - the +∞ Axe of Woe (weapon)
   (You found it in the Dungeon)
Armour
 a - a +0 robe (worn)
Jewellery
 e - a +30 ring of slaying
 h - a +30 ring of slaying
 i - a +250 ring of slaying (left claw)
 j - a +30 ring of slaying
 k - a +30 ring of slaying
 l - a +30 ring of slaying
 m - a +30 ring of slaying
 n - a +200 ring of slaying
 o - a +30 ring of slaying
 p - a +30 ring of slaying
 q - a +30 ring of slaying
 r - a +30 ring of slaying
 s - a +30 ring of slaying
 t - a +30 ring of slaying
 u - a +30 ring of slaying
Scrolls
 g - a scroll of blinking
Potions
 c - a potion of curing
 d - a potion of heal wounds
 f - 2 potions of magic


   Skills:
 O Level 27 Fighting
 O Level 27 Short Blades
 O Level 27 Long Blades
 O Level 27 Axes
 O Level 27 Maces & Flails
 O Level 27 Polearms
 O Level 27 Staves
 O Level 27 Slings
 O Level 27 Bows
 O Level 27 Crossbows
 O Level 27 Throwing
 O Level 27 Armour
 O Level 27 Dodging
 O Level 27 Stealth
 O Level 27 Shields
 O Level 27 Unarmed Combat
 O Level 27 Spellcasting
 O Level 27 Conjurations
 O Level 27 Hexes
 O Level 27 Summonings
 O Level 27 Necromancy
 O Level 27 Translocations
 O Level 27 Transmutations
 O Level 27 Fire Magic
 O Level 27 Ice Magic
 O Level 27 Air Magic
 O Level 27 Earth Magic
 O Level 27 Poison Magic
 O Level 27 Invocations
 O Level 27 Evocations


You had 79 spell levels left.
You knew the following spells:

 Your Spells              Type           Power        Failure   Level
a - Freeze                Ice            100%         0%          1

Your spell library contained the following spells:

 Spells                   Type           Power        Failure   Level
 Frozen Ramparts          Ice            100%         0%          3
 Ozocubu's Armour         Ice            61%          0%          3
 Hailstorm                Conj/Ice       61%          0%          4
 Summon Ice Beast         Ice/Summ       61%          0%          4


Dungeon Overview and Level Annotations

Branches:
Dungeon (1/1)

Altars:
Makhleb

Annotations:
D The Meatlord


Innate Abilities, Weirdness & Mutations

You thrive by killing the living.
You are immune to poison.
You have sharp fingernails.
Your flesh is cold resistant. (rC+)
You are immune to negative energy. (rN+++)
You do not regenerate when monsters are visible.
You are immune to unholy pain and torment.
You can survive without breathing.


Message History

Makhleb accepts your kill.
You carve the destroyer like a ham!!!! You chop the destroyer into pieces.
You destroy the destroyer!
Makhleb accepts your kill.
You slash the fleshlord!
You cleave the fleshlord in twain.
You kill the fleshlord!
Makhleb accepts your kill.
You are engulfed in blazing flames.
The meat berserker is engulfed in blazing flames.
A large bag of meat comes into view. It is wielding a +9 giant spiked club.
You hear a shout!
A corpse begins to drag itself along the ground!
Some corpses meld into an agglomeration of writhing flesh!
The accursed casts a spell at you. Something smites you!
The meat berserker hits you with a +9 battleaxe!!!
You hear a shout!
The fleshlord hits you with a +9 great mace!!!!!!
Ouch! That really hurt!
You die... ..... o. #... o.# . #oo. .O# ..###.M. ..###. .....LV###§o.... ........§.O....
V #Ooo)o#

V.. #§pOo_#
.L.O.#§p@X.#...
.z....OV_)......
..Oo...###....O.
..###.x. ..###.
. #... ..# #...
p# ..... .. ....
.. ....


You could see an accursed, a tyrant, 2 destroyers, 3 fleshlords, a sculptor of
flesh, 2 large bags of meat, a large abomination, 5 meat berserkers, 9 bags of
meat and a crawling corpse.

Vanquished Creatures
  4 hell knights (D)
  Sigmund (D)
  12 hell beasts (D)
  7 royal mummies (D)
  5 great orbs of eyes (D)
  7 wraiths (D)
  Harold (D)
  18 vampire knights (D)
  45 ogres (D)
  9 two-headed ogres (D)
  7 liches (D)
  8 hydras (D)
  63 orcs (D)
  4 phantoms (D)
  6 skeletal warriors (D)
  7 sea snakes (D)
  8 large abominations (D)
  13 small abominations (D)
  11 crawling corpses (D)
236 creatures vanquished.

Vanquished Creatures (others)
  A crawling corpse (D)
1 creature vanquished.

Grand Total: 237 creatures vanquished

Notes
Turn   | Place    | Note
-------+----------+-------------------------------------------
     0 | D        | Found the +∞ Axe of Woe
     0 | D        | Groucho the Ghoul Ice Elementalist began the quest for the
                  | Orb.
     0 | D        | Reached XP level 1. HP: 14/14 MP: 2/2
     4 | D        | Became a worshipper of Makhleb the Destroyer
     4 | D        | Noticed a bag of meat
     4 | D        | Noticed a bag of meat
     7 | D        | Noticed a bag of meat
     9 | D        | Killed a bag of meat
     9 | D        | Noticed a bag of meat
    10 | D        | Reached XP level 2. HP: 20/20 MP: 2/14
    10 | D        | Reached XP level 3. HP: 26/26 MP: 2/16
    10 | D        | Reached XP level 4. HP: 33/33 MP: 2/17
    10 | D        | Reached XP level 5. HP: 38/38 MP: 2/19
    10 | D        | Reached XP level 6. HP: 45/45 MP: 2/20
    10 | D        | Reached XP level 7. HP: 50/50 MP: 2/22
    10 | D        | Reached XP level 8. HP: 57/57 MP: 2/23
    10 | D        | Reached XP level 9. HP: 62/62 MP: 2/24
    10 | D        | Reached XP level 10. HP: 69/69 MP: 2/25
    10 | D        | Reached XP level 11. HP: 74/74 MP: 2/26
    10 | D        | Reached XP level 12. HP: 81/81 MP: 2/27
    10 | D        | Killed a bag of meat
    10 | D        | Reached * piety under Makhleb
    10 | D        | Noticed a bag of meat
    10 | D        | Noticed a bag of meat
    11 | D        | Reached skill level 15 in Axes
    11 | D        | Reached skill level 15 in Dodging
    11 | D        | Reached XP level 13. HP: 86/86 MP: 2/30
    11 | D        | Noticed a meat berserker
    12 | D        | Noticed a meat berserker
    13 | D        | Killed a bag of meat
    13 | D        | Noticed a bag of meat
    14 | D        | Reached skill level 15 in Spellcasting
    14 | D        | Reached XP level 14. HP: 93/93 MP: 2/32
    14 | D        | Killed a bag of meat
    14 | D        | Noticed a meat berserker
    15 | D        | Noticed a bag of meat
    16 | D        | Killed a meat berserker
    16 | D        | Reached ** piety under Makhleb
    16 | D        | Killed a meat berserker
    16 | D        | Noticed a meat berserker
    16 | D        | Noticed a meat berserker
    17 | D        | Reached XP level 15. HP: 99/99 MP: 3/37
    17 | D        | Reached XP level 16. HP: 105/105 MP: 3/38
    17 | D        | Noticed a destroyer
    18 | D        | Killed a meat berserker
    18 | D        | Reached *** piety under Makhleb
    18 | D        | Noticed a large bag of meat
    19 | D        | Reached XP level 17. HP: 111/111 MP: 4/41
    19 | D        | Killed a meat berserker
    20 | D        | Reached skill level 27 in Ice Magic
    20 | D        | Reached XP level 18. HP: 117/117 MP: 4/44
    20 | D        | Killed a meat berserker
    20 | D        | Killed a destroyer
    20 | D        | Reached **** piety under Makhleb
    21 | D        | Reached skill level 27 in Axes
    21 | D        | Reached skill level 27 in Dodging
    21 | D        | Reached skill level 27 in Spellcasting
    21 | D        | Reached XP level 19. HP: 154/154 MP: 4/49
    23 | D        | Reached skill level 10 in Armour
    24 | D        | Noticed a meat berserker
    24 | D        | Noticed a meat berserker
    25 | D        | Killed a large bag of meat
    25 | D        | Noticed a destroyer
    26 | D        | Reached XP level 20. HP: 130/180 MP: 6/50
    26 | D        | Noticed a destroyer
    27 | D        | Reached skill level 15 in Armour
    27 | D        | Noticed a large bag of meat
    27 | D        | Noticed an eight-headed meat hydra
    28 | D        | Reached ***** piety under Makhleb
    28 | D        | Killed a large bag of meat
    28 | D        | Killed a destroyer
    28 | D        | Noticed a meat berserker
    28 | D        | Noticed a meat berserker
    29 | D        | Reached XP level 21. HP: 151/214 MP: 6/51
    30 | D        | Noticed a meat berserker
    30 | D        | Killed a meat berserker
    30 | D        | Killed a meat berserker
    30 | D        | Noticed a large bag of meat
    31 | D        | Reached skill level 27 in Fighting
    31 | D        | Reached skill level 27 in Unarmed Combat
    31 | D        | Reached skill level 27 in Invocations
    31 | D        | Reached XP level 22. HP: 233/233 MP: 7/52
    31 | D        | Reached ****** piety under Makhleb
    32 | D        | Reached skill level 27 in Armour
    32 | D        | Noticed a destroyer
    33 | D        | Killed a destroyer
    34 | D        | Reached XP level 23. HP: 240/240 MP: 8/53
    34 | D        | Killed a large bag of meat
    35 | D        | Noticed a destroyer
    36 | D        | Reached XP level 24. HP: 233/249 MP: 8/53
    36 | D        | Noticed a large bag of meat
    38 | D        | Killed a destroyer
    39 | D        | Reached XP level 25. HP: 250/257 MP: 9/53
    41 | D        | Noticed a destroyer
    42 | D        | Reached XP level 26. HP: 247/266 MP: 10/53
    43 | D        | Reached skill level 27 in Short Blades
    43 | D        | Reached skill level 27 in Long Blades
    43 | D        | Reached skill level 27 in Maces & Flails
    43 | D        | Reached skill level 27 in Polearms
    43 | D        | Reached skill level 27 in Staves
    43 | D        | Noticed a destroyer
    44 | D        | Reached XP level 27. HP: 255/273 MP: 10/53
    45 | D        | Killed a large bag of meat
    45 | D        | Noticed The Servant
    46 | D        | Killed a destroyer
    47 | D        | Killed a destroyer
    50 | D        | Reached skill level 27 in Slings
    50 | D        | Reached skill level 27 in Bows
    50 | D        | Reached skill level 27 in Crossbows
    50 | D        | Reached skill level 27 in Throwing
    50 | D        | Reached skill level 5 in Shields
    50 | D        | Reached skill level 5 in Conjurations
    50 | D        | Reached skill level 5 in Hexes
    50 | D        | Reached skill level 5 in Summonings
    50 | D        | Noticed a destroyer
    50 | D        | Noticed a destroyer
    50 | D        | Noticed a large bag of meat
    51 | D        | Killed a destroyer
    51 | D        | Killed The Servant
    54 | D        | Killed a destroyer
    57 | D        | Noticed The Captor
    57 | D        | Noticed a large bag of meat
    57 | D        | Noticed a destroyer
    58 | D        | Killed a destroyer
    59 | D        | Reached skill level 27 in Shields
    59 | D        | Reached skill level 27 in Conjurations
    59 | D        | Reached skill level 27 in Hexes
    59 | D        | Reached skill level 27 in Summonings
    59 | D        | Reached skill level 10 in Necromancy
    59 | D        | Killed a large bag of meat
    59 | D        | Noticed a large bag of meat
    59 | D        | Noticed an accursed
    59 | D        | Noticed a tyrant
    61 | D        | Reached skill level 15 in Fire Magic
    62 | D        | Noticed a meat beast
    62 | D        | Killed a meat beast
    62 | D        | Noticed a tyrant
    64 | D        | Reached skill level 27 in Necromancy
    64 | D        | Noticed an accursed
    65 | D        | Killed a tyrant
    65 | D        | Noticed a meat beast
    66 | D        | Reached skill level 27 in Translocations
    66 | D        | Reached skill level 27 in Transmutations
    66 | D        | Reached skill level 27 in Fire Magic
    66 | D        | Reached skill level 5 in Air Magic
    66 | D        | Killed The Captor
    66 | D        | Noticed a meat beast
    67 | D        | Reached skill level 27 in Earth Magic
    67 | D        | Killed a large bag of meat
    67 | D        | Killed a destroyer
    67 | D        | Noticed a dread
    67 | D        | Noticed a destroyer
    67 | D        | Noticed a destroyer
    68 | D        | Reached skill level 27 in Air Magic
    68 | D        | Reached skill level 27 in Poison Magic
    68 | D        | Reached skill level 27 in Evocations
    68 | D        | Reached skill level 15 in Stealth
    69 | D        | Killed a meat beast
    69 | D        | Killed an accursed
    69 | D        | Killed a meat beast
    70 | D        | Reached skill level 27 in Stealth
    70 | D        | Killed a large bag of meat
    71 | D        | Noticed a meat beast
    71 | D        | Noticed a meat beast
    72 | D        | Killed a destroyer
    73 | D        | Killed a dread
    73 | D        | Killed a meat beast
    73 | D        | Killed a destroyer
    75 | D        | Killed a meat beast
    75 | D        | Noticed a destroyer
    77 | D        | Killed a tyrant
    78 | D        | Killed a destroyer
    82 | D        | Killed an accursed
    84 | D        | Noticed a tyrant
    84 | D        | Noticed an accursed
    87 | D        | Noticed a meat beast
    92 | D        | Noticed a tyrant
    94 | D        | Killed a tyrant
    94 | D        | Noticed a tyrant
    95 | D        | Killed a tyrant
    97 | D        | Killed an accursed
    98 | D        | Noticed a meat beast
    99 | D        | Noticed a meat beast
   100 | D        | Noticed a meat beast
   100 | D        | Noticed a meat beast
   101 | D        | Noticed a destroyer
   101 | D        | Noticed a meat beast
   102 | D        | Noticed an accursed
   103 | D        | Killed a meat beast
   104 | D        | Noticed a tyrant
   104 | D        | Killed a meat beast
   104 | D        | Killed a tyrant
   104 | D        | Noticed an accursed
   105 | D        | Noticed a dread
   105 | D        | Noticed a dread
   106 | D        | Killed a meat beast
   106 | D        | Killed a meat beast
   106 | D        | Killed a meat beast
   107 | D        | Killed a meat beast
   107 | D        | Noticed a dread
   107 | D        | Noticed a destroyer
   109 | D        | Noticed a destroyer
   110 | D        | Noticed a large bag of meat
   111 | D        | Killed a destroyer
   112 | D        | Noticed a dread
   112 | D        | Killed a dread
   113 | D        | Killed a dread
   113 | D        | Killed a dread
   115 | D        | Noticed a tyrant
   116 | D        | Killed a dread
   116 | D        | Killed an accursed
   119 | D        | Killed a destroyer
   120 | D        | Killed a tyrant
   120 | D        | Killed a large bag of meat
   121 | D        | Noticed an accursed
   122 | D        | Noticed a meat beast
   122 | D        | Noticed a fleshlord
   122 | D        | Killed an accursed
   126 | D        | Killed a meat beast
   127 | D        | Killed a tyrant
   127 | D        | Killed a fleshlord
   132 | D        | Killed a destroyer
   132 | D        | Noticed an accursed
   133 | D        | Noticed an accursed
   133 | D        | Noticed a dread
   133 | D        | Noticed a dread
   136 | D        | Noticed a destroyer
   137 | D        | Noticed a destroyer
   137 | D        | Killed an accursed
   139 | D        | Noticed a fleshlord
   139 | D        | Noticed a destroyer
   139 | D        | Noticed a large bag of meat
   140 | D        | Noticed a fleshlord
   140 | D        | Killed a destroyer
   140 | D        | Noticed a fleshlord
   140 | D        | Noticed a fleshlord
   142 | D        | Killed a dread
   142 | D        | Noticed a destroyer
   142 | D        | Noticed a fleshlord
   143 | D        | Noticed a fleshlord
   144 | D        | Noticed a tyrant
   144 | D        | Noticed a large bag of meat
   145 | D        | Killed an accursed
   146 | D        | Killed a dread
   146 | D        | Noticed a destroyer
   147 | D        | Noticed a destroyer
   147 | D        | Noticed a large bag of meat
   147 | D        | Noticed an accursed
   148 | D        | Noticed The Meatlord
   148 | D        | Killed a large bag of meat
   148 | D        | Noticed a meat beast
   149 | D        | Killed a fleshlord
   149 | D        | Killed a fleshlord
   149 | D        | Killed a destroyer
   149 | D        | Killed a fleshlord
   149 | D        | Noticed a large bag of meat
   149 | D        | Annihilated by a fleshlord

Illustrated notes

Levels and vault maps discovered:
D:        meatsprint

Skill      XL: |  1  2  3  4  5  6  7  8  9 10 11 12 13 14 15 16 17 18 19 20 21 22 23 24 25 26 27 |
---------------+----------------------------------------------------------------------------------+-----
Axes           | 13 15 16 21 23 24 27 | 27.0
Dodging        | 13 15 16 21 23 24 27 | 27.0
Spellcasting   | 12 14 15 19 21 23 27 | 27.0
Ice Magic      | 16 18 19 24 26 27 | 27.0
Fighting       | 9 16 24 27 | 27.0
Armour         | 8 13 21 26 27 | 27.0
Unarmed Combat | 9 16 24 27 | 27.0
Invocations    | 9 16 24 27 | 27.0
Short Blades   | 12 18 23 26 27 | 27.0
Long Blades    | 12 18 23 26 27 | 27.0
Maces & Flails | 12 18 23 26 27 | 27.0
Polearms       | 12 18 23 26 27 | 27.0
Staves         | 12 18 23 26 27 | 27.0
Slings         | 14 27 | 27.0
Bows           | 14 27 | 27.0
Crossbows      | 14 27 | 27.0
Throwing       | 14 27 | 27.0
Shields        | 27 | 27.0
Conjurations   | 27 | 27.0
Hexes          | 27 | 27.0
Summonings     | 27 | 27.0
Necromancy     | 27 | 27.0
Translocations | 27 | 27.0
Transmutations | 27 | 27.0
Fire Magic     | 27 | 27.0
Air Magic      | 27 | 27.0
Earth Magic    | 27 | 27.0
Poison Magic   | 27 | 27.0
Evocations     | 27 | 27.0
Stealth        | 27 | 27.0

Action                   |  1- 3 |  4- 6 |  7- 9 | 10-12 | 13-15 | 16-18 | 19-21 | 22-24 | 25-27 || total
-------------------------+-------+-------+-------+-------+-------+-------+-------+-------+-------++-------
Melee: Executioner's axe |     1 |       |       |     1 |     3 |     3 |     5 |     6 |    82 ||   101
  Use: Potion            |       |       |       |       |       |       |       |       |     1 ||     1
Dodge: Dodged            |       |       |       |       |       |     1 |       |       |    10 ||    11
